 Dungeon Crawl Stone Soup version 0.29.1 (webtiles) character file.

Game seed: 11891330585799536990

137261 unlimited1921 the Eclecticist (level 17, -8/102 HPs)
             Began as a Djinni Fire Elementalist on Sept 14, 2022.
             Was an Elder of Jiyva (penitent).
             Killed from afar by a deep elf knight (36 damage)
             ... with a shard of ice
             ... on level 3 of the Elven Halls on Sept 15, 2022.
             The game lasted 06:19:32 (40620 turns).

unlimited1921 the Eclecticist (DjFE)               Turns: 40620, Time: 06:19:33

Health: -8/102     AC: 11    Str:  7    XL:     17   Next: 82%
Gold:   1708       EV: 15    Int: 27    God:    Jiyva [****..] SH: 23 Dex: 25

rFire   + + +      SeeInvis .   B - +1 hammer (protect)
rCold   . . .      Faith    .   z - +0 tower shield
rNeg    . . .      Spirit   .   X - +0 troll leather armour
rPois   ∞          Reflect  +   u - +0 helmet {Int+3}
rElec   +          Harm     .   A - +0 cloak
rCorr   +          Rampage  .   x - +0 pair of gloves
Will    +++..                   (boots unavailable)
Stlth   +++++.....              p - amulet of reflection
HPRegen 1.07/turn               (no ring)
MPRegen 0.00/turn               D - +6 ring of dexterity

@: resistant, flying
A: sickness immunity, fire resistance 2, cold vulnerability 1, float, innate
caster, HP casting, extra vitality 1, thin skeletal structure 2, strong-willed
2, shaggy fur 2, MP-powered wands, sturdy frame 3
a: Renounce Religion


You were on level 3 of the Elven Halls.
You worshipped Jiyva.
Jiyva was demanding penance.
You visited 7 branches of the dungeon, and saw 30 of its levels.

You collected 2424 gold pieces.
You spent 716 gold pieces at shops.

Inventory:

Hand Weapons
 m - a +2 spear of freezing
 o - a +2 vampiric short sword
 w - a +2 vampiric trident
 B - a +1 hammer of protection (weapon)
 M - a +2 sling of flaming
 N - the +7 dagger of the First Allies {vorpal, *Noise rPois rF+ rN+}
   (You found it on level 4 of the Lair of Beasts)

   It inflicts extra damage upon your enemies.
   rF:        It protects you from fire.
   rPois:     It protects you from poison.
   rN:        It protects you from negative energy.
   *Noise:    It may make noises in combat.
 R - the +11 shortbow of Midnight {venom, Int-2 Dex+7}
   (You found it on level 8 of the Dungeon)

   Any ammunition fired from it poisons the flesh of those it strikes.
   Int:       It affects your intelligence (-2).
   Dex:       It affects your dexterity (+7).
 S - the +7 mace of Variability {chain chaos}
   (You found it on level 8 of the Dungeon)

   Each time it hits an enemy it has a different, random effect.
   It occasionally unleashes arcs of chaos on nearby creatures upon striking a
   foe.
Missiles
 f - 3 throwing nets
Armour
 q - a +2 hat
 u - a +0 helmet of intelligence (worn)
 x - a +0 pair of gloves (worn)
 z - a +0 tower shield (worn)
 A - a +0 cloak (worn)
 J - a +3 chain mail
 U - the +3 robe of Nenkem {rN+ Str+2 Int+3}
   (You found it on level 3 of the Lair of Beasts)

   Str:       It affects your strength (+2).
   Int:       It affects your intelligence (+3).
   rN:        It protects you from negative energy.
 X - a +0 troll leather armour (worn)
Jewellery
 b - a ring of wizardry
 p - an amulet of reflection (around neck)
 D - a +6 ring of dexterity (right hand)
 K - an amulet of the acrobat
 Y - a ring of ice
Wands
 c - a wand of flame (101)
 r - a wand of paralysis (22)
 y - a wand of mindburst (34)
 F - a wand of polymorph (16)
 I - a wand of roots (1)
 Q - a wand of digging (6)
Scrolls
 a - a scroll of fear
 d - 2 scrolls of butterflies
 g - 3 scrolls of poison
 l - 2 scrolls of enchant weapon
 t - 5 scrolls of teleportation
 C - 6 scrolls of identify
 L - 3 scrolls of enchant armour
 V - a scroll of magic mapping
Potions
 h - 8 potions of curing
 i - 3 potions of brilliance
 k - 2 potions of resistance
 v - 2 potions of cancellation
 H - 2 potions of lignification
 O - a potion of haste
 Z - a potion of invisibility
Miscellaneous
 e - a condenser vane
 G - a lightning rod (4/4)
 W - a phial of floods (inert) (quivered)


   Skills:
 + Level 3.0 Fighting
 + Level 1.2 Short Blades
 + Level 0.3 Maces & Flails
 + Level 0.3 Polearms
 + Level 8.5 Armour
 + Level 7.2 Dodging
 + Level 4.6 Stealth
 * Level 8.2 Shields
 + Level 19.4 Spellcasting
 * Level 10.3 Evocations


You had 11 spell levels left.
You knew the following spells:

 Your Spells              Type           Power      Damage    Failure   Level
a - Foxfire               Conj/Fire      100%       2x1d9     0%          1
b - Scorch                Fire           100%       2d10      0%          2
c - Conjure Flame         Conj/Fire      92%        6-21      0%          3
d - Inner Flame           Hex/Fire       92%        N/A       0%          3
e - Flame Wave            Conj/Fire      92%        2d19      1%          4
f - Apportation           Tloc           100%       N/A       0%          1
g - Poisonous Vapours     Pois/Air       100%       N/A       0%          2
h - Searing Ray           Conj           100%       2d8       0%          2
i - Summon Lightning Spi  Summ/Air       92%        N/A       1%          4
j - Animate Dead          Necr           92%        N/A       1%          4
k - Freezing Cloud        Conj/Ice/Air   46%        6-21      1%          5
l - Eringya's Noxious Bo  Tmut/Pois      46%        N/A       1%          6
m - Summon Cactus Giant   Summ           46%        N/A       1%          6
Your spell library was empty.

Dungeon Overview and Level Annotations

Branches:
Dungeon (13/15)            Temple (1/1) D:5            Lair (5/5) D:9
  Swamp (1/4) Lair:2       Spider (0/4) Lair:2        Slime (5/5) Lair:4
    Orc (2/2) D:12            Elf (3/3) Orc:2
 Vaults: D:13-14

Altars:
Ashenzari
Cheibriados
Dithmenos
Elyvilon
Fedhas
Gozag
Hepliaklqana
Makhleb
Nemelex Xobeh
Okawaru
Qazlal
Ru
Trog
Uskayaw
Wu Jian
Xom
Yredelemnul
Zin
The Shining One
Jiyva

Shops:
Orc:2 [**[   Elf:1 (

Portals:
Trove: D:11 (give +4 fire dragon scales)

Annotations:
Slime:2 Dissolution
Slime:5 Royal Jelly


Innate Abilities, Weirdness & Mutations

You are immune to sickness and miasma.
You are immune to poison.
Your flesh is very heat resistant. (rF++)
You are vulnerable to cold. (rC-)
You float through the air rather than walking.
You learn spells naturally, not from books.
Your magical power is your life essence.
You have superior vitality. (+4 MHP)
You have a moderately thin skeletal structure. (Dex +4, Stealth++)
You are highly strong-willed. (Will++)
You are covered in thick fur. (AC +2)
You expend health (3 HP) to strengthen your wands.
Your movements are significantly less encumbered by armour. (ER -6)


Message History

Aim: a deep elf knight, wielding a +0 long sword and wearing a +0 buckler (flame, almost dead, inner flame, ally target) Poisonous vapours surround the deep elf knight!
The deep elf knight looks as sick as possible!
Flame seeps out of the deep elf knight.
The deep elf knight is engulfed in blazing flames.
The deep elf knight explodes!
You hear a sizzling sound!
The fiery explosion engulfs the deep elf zephyrmancer!!!
You kill the deep elf zephyrmancer!
An earth elemental comes into view.
Your cactus giant is engulfed in freezing vapours.
Your cactus giant is engulfed in freezing vapours.
Your cactus giant is engulfed in freezing vapours.
Jiyva gurgles merrily.
You start resting.
Your cactus giant disappears in a puff of smoke!
There is a strange disturbance nearby!
Casting: Poisonous Vapours (safe; 0% risk of failure)
Confirm with . or Enter, or press ? or * to list all spells.
Aiming: Freezing Cloud (safe; 1% risk of failure)
Press: ? - help, Dir - move target You hear a shout!
Unknown command.
Casting: Freezing Cloud (safe; 1% risk of failure)
Confirm with . or Enter, or press ? or * to list all spells.
Your cactus giant barely misses something.
Casting: Summon Cactus Giant (dangerous; 1% risk of failure)
Confirm with . or Enter, or press ? or * to list all spells.
An electric hum fills the air.
Something hits you.
Deactivating autopickup; reactivate with Ctrl-A.
Something hits you!! x2
* * * LOW HITPOINT WARNING * * *
Press: ? - help, v - describe, . - travel The floor.
You feel protected.
You hear some strange, mumbled words.
A shard of ice appears from out of thin air!
The shard of ice hits you!!!
You die...

######## ##.§....#######
#############.§§§§........)
..........##...§§...###....
##........@{.C..§E.## #..##
##.###..###..8...## #..# #
#+## ######## #..# #..#
#... #..# ######### ##.#
#.......## #.# ..
#........############.#


You could see an earth elemental, a friendly cactus giant (summoned) and a
friendly lightning spire (summoned).

Vanquished Creatures
  2 deep elf master archers (Elf:3)
  Gastronok (D:12)
  A deep elf elementalist (Elf:3)
  The ghost of funnyparkerb the Severer, a journeyman MiFi of Okawaru (Lair:5)
  A deep elf demonologist (Elf:3)
  2 deep elf annihilators (Elf:3)
  A deep elf death mage (Elf:3)
  5 hydras
  Fannar (D:11)
  A boulder beetle (D:13)
  A catoblepas (Lair:4)
  Erica (Lair:2)
  A centaur warrior (Orc:2)
  19 dancing weapons
  3 two-headed ogres
  3 death yaks
  Urug (D:10)
  11 deep elf knights
  Nergalle (D:12)
  2 orc high priests
  A fire crab (Lair:4)
  8 deep elf archers
  3 bog bodies (Lair:2)
  A wizard (Elf:1)
  19 deep elf pyromancers
  20 deep elf zephyrmancers
  2 orc knights (Orc:2)
  An ugly thing (D:12)
  Pikel (D:6)
  2 orc sorcerers
  2 cyclopes (D:11)
  A manticore (D:12)
  9 cane toads
  2 elephants
  A black mamba (Lair:5)
  A torpor snail (Lair:5)
  An unseen horror (D:11)
  5 komodo dragons
  6 rime drakes
  A guardian mummy (D:11)
  A troll (shapeshifter) (D:13)
  3 trolls
  5 polar bears
  3 tyrant leeches (Lair:5)
  Grinder (D:6)
  A hornet (shapeshifter) (Elf:1)
  5 dream sheep
  14 blink frogs
  4 air elementals
  A shadow (D:10)
  41 yaks
  10 wyverns
  2 water elementals (Elf:1)
  A vampire (D:11)
  2 fire elementals
  2 fire bats (Lair:4)
  A chaos spawn (D:8)
  2 basilisks (Lair:3)
  2 steam dragons
  6 vampire mosquitoes
  Menkaure (D:7)
  A swamp worm (Lair:2)
  10 water moccasins
  3 hell hounds
  28 orc warriors
  2 ice beasts
  2 sky beasts
  An ogre (D:4)
  2 boggarts (Elf:1)
  13 centaurs
  18 wolves
  3 phantoms
  15 bullfrogs
  A necrophage (D:7)
  6 scorpions
  4 wights
  10 killer bees
  6 electric eels
  2 howler monkeys
  9 hounds
  2 gnoll boudas
  10 orc priests
  15 jellies
  Ijyb (D:3)
  Terence (D:3)
  Crazy Yiuf (D:3)
  10 orc wizards
  5 iguanas
  5 hell rats (Lair:3)
  12 gnolls
  8 adders
  A white imp (D:5)
  6 ufetubi
  4 worms
  4 dart slugs
  35 orcs
  7 endoplasms
  A giant cockroach (D:4)
  5 goblins
  4 hobgoblins
  7 kobolds
  3 quokkas
  8 ball pythons
  A bat (D:2)
  6 frilled lizards
  5 rats
  7 bushes
  9 foxfires (D:10)
573 creatures vanquished.

Vanquished Creatures (collateral kills)
  2 deep elf blademasters (Elf:3)
  2 deep elf sorcerers
  A deep elf elementalist (Elf:3)
  A deep elf annihilator (Elf:3)
  2 deep elf death magi (Elf:3)
  A deep elf high priest (Elf:3)
  A hydra (D:11)
  2 two-headed ogres
  4 dancing weapons
  2 death yaks
  4 deep elf knights
  3 deep elf archers
  6 deep elf pyromancers
  6 deep elf zephyrmancers
  A manticore (Lair:3)
  An ugly thing (D:12)
  2 orc knights
  An oklob plant (Lair:5)
  4 elephants
  A torpor snail (Lair:2)
  7 cane toads
  2 rime drakes (Lair:3)
  2 komodo dragons
  A tyrant leech (Lair:5)
  4 trolls
  Prince Ribbit (D:7)
  4 dream sheep
  11 blink frogs
  A wraith (D:10)
  A water elemental (D:11)
  An air elemental (Elf:3)
  A wyvern (Lair:2)
  18 yaks
  A fire bat (Lair:4)
  2 basilisks
  2 fire elementals
  A chaos spawn (D:8)
  6 vampire mosquitoes
  8 orc warriors (Orc:2)
  2 water moccasins
  An ogre (Orc:1)
  2 centaurs
  5 wolves
  2 bullfrogs (D:8)
  An earth elemental (Elf:3)
  3 wights
  3 killer bees
  An orc priest (D:11)
  A gnoll bouda (D:6)
  An orc wizard (Orc:2)
  3 hell rats (Lair:3)
  A gnoll (D:6)
  8 orcs
  10 foxfires
165 creatures vanquished.

Vanquished Creatures (others)
  A centaur warrior (D:13)
  A dancing weapon (Elf:2)
  A two-headed ogre (D:13)
  2 deep elf zephyrmancers
  2 deep elf pyromancers
  A cane toad (Lair:4)
  A kobold demonologist (D:11)
  8 slime creatures (D:13)
  A dream sheep (Lair:5)
  A yak (D:12)
  A vampire mosquito (D:13)
  An orc warrior (Orc:2)
  4 centaurs (D:13)
  2 bullfrogs
  An electric eel (D:11)
  97 jellies
  3 gnolls (D:12)
  A worm (D:10)
  2 orcs (Orc:2)
  A rat (D:10)
  3 bushes (Lair:4)
  A butterfly (Lair:5)
  693 foxfires
  75 fungi
  164 plants
1068 creatures vanquished.

Grand Total: 1806 creatures vanquished

Notes
Turn   | Place    | Note
-------+----------+-------------------------------------------
     0 | D:1      | unlimited1921 the Djinni Fire Elementalist began the quest
                  | for the Orb.
     0 | D:1      | unlimited1921 set off with the following spells memorised:
                  | Foxfire, Scorch, Conjure Flame, Inner Flame, Flame Wave.
     0 | D:1      | Reached XP level 1. HP: 15/15 MP: 0/0
   834 | D:1      | Reached XP level 2. HP: 19/21 MP: 0/0
  2175 | D:2      | Reached skill level 3 in Spellcasting
  2512 | D:2      | Reached XP level 3. HP: 20/25 MP: 0/0
  2512 | D:2      | Learned a level 1 spell: Apportation
  3707 | D:2      | Reached XP level 4. HP: 24/31 MP: 0/0
  4202 | D:2      | Found an iron altar of Okawaru.
  4807 | D:3      | Noticed Ijyb
  4817 | D:3      | Killed Ijyb
  4818 | D:3      | Reached skill level 4 in Spellcasting
  4818 | D:3      | Reached XP level 5. HP: 13/35 MP: 0/0
  4818 | D:3      | Learned a level 2 spell: Poisonous Vapours
  5223 | D:3      | Noticed a phantom
  5230 | D:3      | Killed a phantom
  5231 | D:3      | Reached skill level 1 in Armour
  5231 | D:3      | Reached XP level 6. HP: 25/40 MP: 0/0
  5392 | D:3      | Noticed Terence
  5397 | D:3      | Killed Terence
  6158 | D:3      | Found a runed translucent door.
  6159 | D:3      | Noticed Crazy Yiuf
  6165 | D:3      | Killed Crazy Yiuf
  6909 | D:4      | Reached skill level 5 in Spellcasting
  6941 | D:4      | Reached XP level 7. HP: 30/45 MP: 0/0
  6941 | D:4      | Learned a level 2 spell: Searing Ray
  7487 | D:4      | Reached skill level 6 in Spellcasting
  7487 | D:4      | Reached XP level 8. HP: 24/51 MP: 0/0
  8170 | D:5      | Entered Level 5 of the Dungeon
  8532 | D:5      | Identified the +3 scale mail "Jownuif" {rF+ rN+}
  8611 | D:5      | Reached skill level 1 in Shields
  8952 | D:5      | Found a staircase to the Ecumenical Temple.
  8965 | Temple   | Entered the Ecumenical Temple
  9041 | Temple   | Became a worshipper of Ashenzari the Shackled
  9196 | D:5      | Found a glowing golden altar of the Shining One.
  9262 | D:5      | Found a blossoming altar of Fedhas.
 10025 | D:6      | Reached skill level 7 in Spellcasting
 10092 | D:6      | Identified the +0 cloak of the Original Sin {-Cast rN+
                  | Will+++ Str-5}
 10307 | D:6      | Noticed Pikel
 10313 | D:6      | Killed Pikel
 10314 | D:6      | Reached XP level 9. HP: 46/56 MP: 0/0
 10314 | D:6      | Learned a level 4 spell: Summon Lightning Spire
 10519 | D:6      | Reached skill level 8 in Spellcasting
 10757 | D:6      | Noticed Grinder
 10781 | D:6      | Killed Grinder
 11157 | D:5      | Found an iron altar of Okawaru.
 11157 | D:5      | Found an ornate altar of the Wu Jian Council.
 11567 | D:7      | Reached XP level 10. HP: 43/61 MP: 0/0
 11577 | D:7      | Noticed Prince Ribbit
 11579 | D:7      | Noticed Menkaure
 11584 | D:7      | Killed Prince Ribbit
 11585 | D:7      | Reached skill level 5 in Armour
 11585 | D:7      | Reached skill level 9 in Spellcasting
 11585 | D:7      | Killed Menkaure
 13486 | D:7      | Reached skill level 1 in Fighting
 13706 | D:7      | Identified the +8 quarterstaff "Xuntid" {freeze, rF+ rCorr
                  | Int-5}
 14014 | D:8      | Identified the +11 shortbow of Midnight {venom, Int-2
                  | Dex+7}
 14034 | D:8      | Reached skill level 10 in Spellcasting
 14213 | D:8      | Found a shimmering altar of Xom.
 14215 | D:8      | Found the +7 mace of Variability {chain chaos}
 15086 | D:9      | Noticed a death yak
 15090 | D:9      | Noticed a death yak
 15105 | D:9      | Killed a death yak
 15106 | D:9      | Reached XP level 11. HP: 45/67 MP: 0/0
 15106 | D:9      | Learned a level 4 spell: Animate Dead
 15108 | D:9      | Noticed a death yak
 15110 | D:9      | Killed a death yak
 15111 | D:9      | Reached skill level 11 in Spellcasting
 15546 | D:8      | Killed a death yak
 16056 | D:9      | Found a staircase to the Lair.
 16158 | D:9      | Found a shimmering altar of Xom.
 16626 | D:9      | Reached * piety under Ashenzari
 16765 | Lair:1   | Entered Level 1 of the Lair of Beasts
 16782 | Lair:1   | Noticed a four-headed hydra
 16788 | Lair:1   | Killed a four-headed hydra
 16789 | Lair:1   | Reached skill level 12 in Spellcasting
 17215 | Lair:1   | Reached XP level 12. HP: 54/74 MP: 0/0
 18088 | Lair:1   | Reached skill level 1 in Evocations
 18092 | Lair:1   | Reached skill level 13 in Spellcasting
 18550 | Lair:2   | Reached ** piety under Ashenzari
 18729 | Lair:3   | Identified the +3 robe of Nenkem {rN+ Str+2 Int+3}
 19852 | Lair:3   | Reached XP level 13. HP: 53/80 MP: 0/0
 19852 | Lair:3   | Learned a level 5 spell: Freezing Cloud
 20291 | Lair:3   | Reached skill level 14 in Spellcasting
 21054 | Lair:4   | Identified the +7 dagger of the First Allies {vorpal,
                  | *Noise rPois rF+ rN+}
 21074 | Lair:4   | Found a viscous altar of Jiyva.
 21074 | Lair:4   | Found a staircase to the Slime Pits.
 21306 | Lair:4   | Fell from the grace of Ashenzari
 21306 | Lair:4   | Became a worshipper of Jiyva Juoripn the Shapeless
 21414 | Lair:4   | Noticed a catoblepas
 21428 | Lair:4   | Killed a catoblepas
 21833 | Lair:4   | Found a transporter.
 22326 | Lair:4   | Reached * piety under Jiyva
 22743 | Lair:4   | Found a transporter.
 23379 | Slime:1  | Entered Level 1 of the Pits of Slime
 23380 | Slime:1  | Noticed an acid blob
 23410 | Slime:1  | Noticed a quicksilver ooze
 23417 | Slime:1  | Noticed a rockslime
 23620 | Slime:2  | Noticed a quicksilver ooze
 23620 | Slime:2  | Noticed a quicksilver ooze
 23633 | Slime:2  | Noticed an azure jelly
 23746 | Slime:2  | Noticed Dissolution
 23798 | Slime:2  | Noticed an azure jelly
 23912 | Slime:3  | Noticed an acid blob
 23912 | Slime:3  | Noticed an acid blob
 23912 | Slime:3  | Noticed an acid blob
 23915 | Slime:3  | Noticed a rockslime
 23974 | Slime:3  | Noticed a rockslime
 24062 | Slime:4  | Noticed an acid blob
 24151 | Slime:4  | Noticed an azure jelly
 24152 | Slime:4  | Noticed a quicksilver ooze
 24152 | Slime:4  | Noticed an azure jelly
 24156 | Slime:4  | Noticed a quicksilver ooze
 24189 | Slime:4  | Noticed an azure jelly
 24281 | Slime:5  | Entered Level 5 of the Pits of Slime
 24298 | Slime:5  | Noticed a great orb of eyes
 24320 | Slime:5  | Noticed an acid blob
 24337 | Slime:5  | Noticed an acid blob
 24338 | Slime:5  | Noticed an acid blob
 24359 | Slime:5  | Noticed the Royal Jelly
 24379 | Slime:5  | Found a viscous altar of Jiyva.
 24381 | Slime:5  | Noticed an acid blob
 24399 | Slime:5  | Noticed an azure jelly
 24407 | Slime:5  | Noticed an acid blob
 24410 | Slime:5  | Noticed an azure jelly
 24410 | Slime:5  | Noticed an acid blob
 24430 | Slime:5  | Noticed an acid blob
 24442 | Slime:5  | Noticed a rockslime
 24449 | Slime:5  | Noticed an acid blob
 24465 | Slime:5  | Noticed an acid blob
 24495 | Slime:5  | Noticed an azure jelly
 24507 | Slime:5  | Noticed an acid blob
 24653 | Slime:5  | Noticed a quicksilver ooze
 24807 | Slime:5  | Noticed a great orb of eyes
 24813 | Slime:5  | Noticed an acid blob
 24854 | Slime:3  | Noticed an acid blob
 24854 | Slime:3  | Noticed an acid blob
 24854 | Slime:3  | Noticed an azure jelly
 24854 | Slime:3  | Noticed an azure jelly
 24917 | Lair:5   | Entered Level 5 of the Lair of Beasts
 24948 | Lair:5   | Reached skill level 5 in Evocations
 24953 | Lair:5   | Reached skill level 15 in Spellcasting
 25037 | Lair:5   | Found a runed translucent gate.
 25037 | Lair:5   | Found a runed translucent gate.
 25037 | Lair:5   | Found a runed translucent gate.
 25040 | Lair:5   | Noticed funnyparkerb's ghost (journeyman MiFi)
 25137 | Lair:5   | Reached ** piety under Jiyva
 25245 | Lair:5   | Reached XP level 14. HP: 56/84 MP: 0/0
 25924 | Lair:5   | Reached skill level 16 in Spellcasting
 26035 | Lair:5   | HP: 2/85 [blink frog (15)]
 26262 | Lair:5   | Reached *** piety under Jiyva
 26277 | Lair:5   | Gained mutation: You have a somewhat thin skeletal
                  | structure. (Dex +2, Stealth+) [Jiyva's grace]
 26277 | Lair:5   | Gained mutation: You have a moderately thin skeletal
                  | structure. (Dex +4, Stealth++) [Jiyva's grace]
 26277 | Lair:5   | Gained mutation: You have an unnaturally thin skeletal
                  | structure. (Dex +6, Stealth+++) [Jiyva's grace]
 26277 | Lair:5   | Gained mutation: You passively map a small area around you.
                  | [Jiyva's grace]
 26563 | Lair:5   | Killed funnyparkerb's ghost
 27053 | Lair:2   | Found a hole to the Spider Nest.
 27228 | Lair:2   | Noticed Erica
 27234 | Lair:2   | Killed Erica
 27327 | Lair:2   | Found a staircase to the Swamp.
 27491 | Swamp:1  | Entered Level 1 of the Swamp
 27751 | Lair:2   | Reached **** piety under Jiyva
 28140 | D:10     | Entered Level 10 of the Dungeon
 28165 | D:10     | Noticed Urug
 28173 | D:10     | Killed Urug
 28174 | D:10     | Was forgiven by Ashenzari
 28447 | D:10     | Found a white marble altar of Elyvilon.
 28479 | D:10     | Found a bloodstained altar of Trog.
 28619 | D:10     | Lost mutation: You passively map a small area around you.
                  | [Jiyva's grace]
 28619 | D:10     | Gained mutation: You are strong-willed. (Will+) [Jiyva's
                  | grace]
 28619 | D:10     | Gained mutation: You are highly strong-willed. (Will++)
                  | [Jiyva's grace]
 28619 | D:10     | Gained mutation: You are extremely strong-willed. (Will+++)
                  | [Jiyva's grace]
 28619 | D:10     | Gained mutation: You passively map a small area around you.
                  | [Jiyva's grace]
 28687 | D:10     | Found a sparkling altar of Nemelex Xobeh.
 28739 | D:11     | Reached XP level 15. HP: 55/89 MP: 0/0
 28739 | D:11     | Learned a level 6 spell: Eringya's Noxious Bog
 29284 | D:11     | Noticed Fannar
 29297 | D:11     | Killed Fannar
 29879 | D:11     | Found a portal to a secret trove of treasure.
 30068 | D:12     | Reached skill level 17 in Spellcasting
 30255 | D:12     | Reached ***** piety under Jiyva
 30277 | D:12     | Noticed Nergalle
 30286 | D:12     | Killed Nergalle
 30536 | D:12     | Reached skill level 5 in Dodging
 30929 | D:12     | Noticed Gastronok
 30962 | D:12     | Killed Gastronok
 31287 | D:12     | Found a staircase to the Orcish Mines.
 31663 | Orc:1    | Entered Level 1 of the Orcish Mines
 31881 | Orc:1    | Lost mutation: You are extremely strong-willed. (Will+++)
                  | [Jiyva's grace]
 31881 | Orc:1    | Lost mutation: You passively map a small area around you.
                  | [Jiyva's grace]
 31881 | Orc:1    | Gained mutation: You are covered in fur. (AC +1) [Jiyva's
                  | grace]
 31881 | Orc:1    | Gained mutation: You are covered in thick fur. (AC +2)
                  | [Jiyva's grace]
 31881 | Orc:1    | Gained mutation: Your thick and shaggy fur keeps you warm.
                  | (AC +3, rC+) [Jiyva's grace]
 31881 | Orc:1    | Gained mutation: Your translucent skin slightly reduces
                  | your foes' accuracy. (Stealth+) [Jiyva's grace]
 32126 | Orc:2    | Entered Level 2 of the Orcish Mines
 32611 | Orc:2    | Found Aketatus's Assorted Antiques.
 32611 | Orc:2    | Found Cedde's Assorted Antiques.
 32613 | Orc:2    | Found Lawidgh's Armour Emporium.
 32621 | Orc:2    | Was placed under penance by Jiyva
 33212 | Orc:2    | Found Xarad's Antique Armour Shop.
 33270 | Orc:2    | Found a staircase to the Elven Halls.
 33467 | Orc:2    | Bought a +0 helmet of intelligence for 138 gold pieces
 33467 | Orc:2    | Bought a +0 tower shield for 54 gold pieces
 33491 | Orc:2    | Bought a bubbling amethyst potion for 27 gold pieces
 33491 | Orc:2    | Bought a scroll of teleportation for 90 gold pieces
 33491 | Orc:2    | Bought a coppery potion for 27 gold pieces
 33521 | Orc:2    | Bought a thick emerald amulet for 95 gold pieces
 33521 | Orc:2    | Bought a glowing hat for 133 gold pieces
 33543 | Orc:2    | Bought an embroidered scarf for 152 gold pieces
 33580 | Elf:1    | Entered Level 1 of the Elven Halls
 33676 | Elf:1    | Lost mutation: Your translucent skin slightly reduces your
                  | foes' accuracy. (Stealth+) [the all-consuming vengeance of
                  | Jiyva]
 33841 | Elf:1    | Found a crumbling gateway.
 34189 | Elf:1    | Paralysed by an air elemental for 1 turns
 34192 | Elf:1    | Paralysed by an air elemental for 1 turns
 34436 | Elf:1    | Found Xec Unai's Antique Weapon Emporium.
 34443 | Elf:1    | Was forgiven by Jiyva
 34587 | Elf:1    | Reached XP level 16. HP: 94/94 MP: 0/0
 34769 | Elf:1    | Reached skill level 18 in Spellcasting
 34896 | Elf:1    | Noticed a deep elf sorcerer
 34903 | Elf:1    | Killed a deep elf sorcerer
 35465 | Elf:2    | Paralysed by an air elemental for 1 turns
 35518 | Elf:2    | Paralysed by an air elemental for 1 turns
 35662 | Elf:2    | Found a runed translucent gate.
 35663 | Elf:2    | Found a runed translucent gate.
 35663 | Elf:2    | Found a runed translucent gate.
 35959 | Elf:2    | Reached skill level 5 in Shields
 36508 | Elf:2    | Reached skill level 1 in Short Blades
 37032 | Elf:3    | Entered Level 3 of the Elven Halls
 37586 | D:13     | Lost mutation: You have an unnaturally thin skeletal
                  | structure. (Dex +6, Stealth+++) [Jiyva's grace]
 37586 | D:13     | Lost mutation: Your thick and shaggy fur keeps you warm.
                  | (AC +3, rC+) [Jiyva's grace]
 37586 | D:13     | Gained mutation: You expend health (3 HP) to strengthen
                  | your wands. [Jiyva's grace]
 37586 | D:13     | Gained mutation: Your movements are slightly less
                  | encumbered by armour. (ER -2) [Jiyva's grace]
 37586 | D:13     | Gained mutation: Your movements are less encumbered by
                  | armour. (ER -4) [Jiyva's grace]
 37586 | D:13     | Gained mutation: Your movements are significantly less
                  | encumbered by armour. (ER -6) [Jiyva's grace]
 38271 | D:13     | Reached XP level 17. HP: 100/102 MP: 0/0
 38271 | D:13     | Learned a level 6 spell: Summon Cactus Giant
 39306 | Elf:3    | Paralysed by an air elemental for 1 turns
 39309 | Elf:3    | Paralysed by an air elemental for 1 turns
 40187 | Elf:3    | HP: 2/87 [deep elf death mage/bolt of negative energy (40)]
 40232 | Elf:3    | Reached skill level 19 in Spellcasting
 40273 | Elf:3    | Reached skill level 10 in Evocations
 40406 | Elf:3    | Identified the +7 trident of Xeacie {spect, Stlth+}
 40411 | Elf:3    | Noticed a deep elf master archer
 40412 | Elf:3    | Identified the ring "Xapas" {Fly rF+ Str+5}
 40417 | Elf:3    | Noticed a deep elf blademaster
 40420 | Elf:3    | Was placed under penance by Jiyva
 40423 | Elf:3    | Killed a deep elf blademaster
 40425 | Elf:3    | Noticed a deep elf blademaster
 40426 | Elf:3    | Noticed a deep elf master archer
 40428 | Elf:3    | Killed a deep elf master archer
 40431 | Elf:3    | Killed a deep elf blademaster
 40434 | Elf:3    | Killed a deep elf master archer
 40472 | Elf:3    | HP: 4/98 [deep elf annihilator/bolt of lightning (8)]
 40620 | Elf:3    | Killed from afar by a deep elf knight

Illustrated notes

Levels and vault maps discovered:
D:1:      wheals_arrival_shading, layout_basic
D:2:      layout_basic, basic_altar, hangedman_decor_clover_reticule
D:3:      layout_basic, uniq_terence, uniq_ijyb, uniq_crazy_yiuf_cottage
D:4:      minmay_recursive_quarters, layout_gridville,
          mainiacjoe_overflow_chevrons
D:5:      layout_cave_pools, nicolae_overflow_hidden_temple,
          jmf_multi_god_temple, minmay_temple_entry_mist,
          minmay_misc_feat_diagonals
D:6:      layout_gridville, uniq_grinder, uniq_pikel
D:7:      kennysheep_six_static_rooms, layout_layer_cave, uniq_prince_ribbit1,
          uniq_menkaure
D:8:      layout_basic, minmay_guarded_unrand_variability
D:9:      layout_roguey, xom_teletrap_fun, dpeg_lair_monsters
D:10:     layout_big_octagon, minitemple, tgw_trog, uniq_urug
D:11:     layout_basic, nicolae_trove_entry_path_of_doom, uniq_fannar
D:12:     layout_roguey, orc_0_dummy, grunt_decor_arrowhead,
          hangedman_abyss_or_decor_clamps, uniq_nergalle, uniq_gastronok
D:13:     layout_basic, serial_corexii_hall, chequers_hall_statues_wall_a,
          chequers_hall_statues_wall_a, corexii_hall_statues_l, minivault_25,
          lightli_minifort
Temple:   nicolae_temple_no_exploring_needed
Lair:1:   layout_loops_ring, infiniplex_staircase_pool
Lair:2:   layout_cave_pods, nicolae_swamp_entry_splash_gauntlet,
          spider_nest_entry_web_field, uniq_erica
Lair:3:   layout_roguey [special_room_mythical_zoo]
Lair:4:   gammafunk_cloud_chamber, layout_cellular_growth, slime_entry_1,
          grunt_megastairs_1, serial_bayou_shore_b
Lair:5:   minmay_lair_end_frog_pond, layout_hall_layers, gammafunk_ghost_split,
          minmay_lair_oklob_bushes, lemuel_fruit_fields, serial_bayou_shore_a
Swamp:1:  layout_basic_swamp, evilmike_swamp_ruin_house_1, swamp_pool3,
          uniq_frances
Slime:1:  layout_caves
Slime:2:  cheibrodos_slime_lost_civilization_8, layout_caves, uniq_dissolution
Slime:3:  layout_caves
Slime:4:  layout_caves
Slime:5
Orc:1:    layout_caves, nicolae_volcano_entry_s_turn, mines1_david
Orc:2:    st_orc_rangers, layout_caves
Elf:1:    elf_arrival_001, layout_rooms,
          portal_desolation_entry_nicolae_menacing_earthworks, serial_shops,
          shop_coins, hangedman_elf_disciples, amcnicky_mini_corridor_feature
Elf:2:    nicolae_elf_blades_crystal_corner, layout_rooms, nrook_mini_backslash
Elf:3:    minmay_elf_hall_spiked, layout_gridlike, serial_shops, bzr_firewalk,
          eino_tiny_chamber, grunt_megastairs_2

Skill      XL: |  1  2  3  4  5  6  7  8  9 10 11 12 13 14 15 16 17 |
---------------+----------------------------------------------------+-----
Spellcasting   | 3 4 5 6 7 8 10 12 13 15 16 17 18 19 | 19.4
Stealth        | 2 3 4 |  4.6
Armour         | 1 2 4 6 7 8 |  8.5
Dodging        | 3 4 6 7 |  7.2
Shields        | 1 2 3 6 8 |  8.2
Fighting       | 1 2 3 |  3.0
Evocations     | 3 5 7 8 9 10 | 10.3
Short Blades   | 1 |  1.2
Maces & Flails | |  0.3
Polearms       | |  0.3

Action                   |  1- 3 |  4- 6 |  7- 9 | 10-12 | 13-15 | 16-18 || total
-------------------------+-------+-------+-------+-------+-------+-------++-------
Melee: Trident           |       |    15 |    11 |       |       |       ||    26
       Punch             |       |     1 |       |       |       |       ||     1
       Mace              |       |       |       |     1 |       |    49 ||    50
       Great mace        |       |       |       |    18 |    16 |       ||    34
       Dagger            |       |       |       |       |     5 |    48 ||    53
       Short sword       |       |       |       |       |       |     8 ||     8
Throw: Throwing net      |       |       |       |       |       |     2 ||     2
 Cast: Foxfire           |    66 |    38 |    49 |    39 |   179 |    34 ||   405
       Scorch            |     6 |    10 |    27 |    60 |    96 |    38 ||   237
       Inner Flame       |       |    15 |    39 |    56 |   116 |    36 ||   262
       Poisonous Vapours |       |    24 |    42 |   116 |   172 |   103 ||   457
       Flame Wave        |       |       |     3 |     5 |       |       ||     8
       Summon Lightning  |       |       |     7 |    51 |   127 |    55 ||   240
       Searing Ray       |       |       |       |     8 |     4 |     2 ||    14
       Conjure Flame     |       |       |       |     2 |       |       ||     2
       Freezing Cloud    |       |       |       |       |   159 |    71 ||   230
       Eringya's Noxious |       |       |       |       |     6 |     6 ||    12
       Apportation       |       |       |       |       |       |     1 ||     1
       Summon Cactus Gia |       |       |       |       |       |    18 ||    18
Invok: Curse Item        |       |       |       |     3 |       |       ||     3
       Slimify           |       |       |       |       |     1 |     1 ||     2
       Oozemancy         |       |       |       |       |       |     6 ||     6
Evoke: Wand              |       |     2 |       |     2 |    15 |    24 ||    43
       Phial of floods   |       |       |       |       |     1 |     1 ||     2
       Lightning rod     |       |       |       |       |     1 |       ||     1
  Use: Scroll            |       |     6 |     7 |     2 |     6 |    11 ||    32
       Potion            |       |     2 |       |     1 |     5 |    11 ||    19
 Stab: Distracted        |       |       |       |       |       |     1 ||     1
Armor: Leather armour    |       |     6 |    10 |     1 |       |       ||    17
       Scale mail        |       |       |       |    16 |       |       ||    16
       Robe              |       |       |       |       |    36 |       ||    36
       Troll leather arm |       |       |       |       |     9 |    48 ||    57
Dodge: Dodged            |       |    18 |    21 |    29 |    93 |    64 ||   225
Block: Other             |       |     6 |    10 |    12 |    25 |       ||    53
       Reflection        |       |     1 |     1 |     1 |    11 |    18 ||    32
       Tower shield      |       |       |       |       |    23 |   287 ||   310
